 Dungeon Crawl Stone Soup version 0.21.0-3-g78d12a8 (webtiles) character file.

911 MovingMist the Covered (level 8, -4/51 HPs)
             Began as a Gargoyle Fighter on Jan 16, 2018.
             Was a Follower of Okawaru.
             Killed by divine providence
             ... invoked by an orc priest
              (14 damage)
             ... on level 6 of the Dungeon.
             The game lasted 00:09:50 (3376 turns).

MovingMist the Covered (Gargoyle Fighter)           Turns: 3376, Time: 00:09:51

Health: -4/51      AC: 24    Str: 19    XL:     8   Next: 8%
Magic:  8/8        EV:  4    Int: 10    God:    Okawaru [*.....]
Gold:   240        SH:  9    Dex: 11    Spells: 3/7 levels left

rFire    . . .     SeeInvis .   u - +2 long sword (slice)
rCold    . . .     Gourm    .   c - +0 shield
rNeg     + . .     Faith    .   p - +0 plate armour
rPois    ∞         Spirit   .   x - +2 hat
rElec    +         Reflect  .   (no cloak)
rCorr    .         Harm     .   (no gloves)
MR       .....                  t - +2 pair of boots
Stlth    ..........             (no amulet)
HPRegen  0.17/turn              (no ring)
MPRegen  0.11/turn              (no ring)

@: no status effects
A: negative energy resistance 1, electricity resistance, unbreathing,
petrification resistance, rot immunity, AC +5
a: Heroism, Renounce Religion


You were on level 6 of the Dungeon.
You worshipped Okawaru.
Okawaru was aware of your devotion.
You were not hungry.

You visited 2 branches of the dungeon, and saw 7 of its levels.

You collected 240 gold pieces.

Inventory:

Hand Weapons
 u - a +2 long sword of slicing (weapon)
Armour
 c - a +0 shield (worn)
 p - a +0 plate armour (worn)
 t - a +2 pair of boots (worn)
 x - a +2 hat (worn)
Wands
 q - a wand of paralysis (13)
 y - a wand of flame (31)
 z - a wand of acid (21)
Scrolls
 a - a scroll of random uselessness {unknown}
 e - 3 scrolls of remove curse
 g - a scroll of enchant armour {unknown}
 h - 6 scrolls of teleportation
 i - a scroll of magic mapping {unknown}
 l - 4 scrolls of identify
 m - a scroll of amnesia {unknown}
 o - a scroll of fear {unknown}
 s - a scroll of fog {unknown}
 A - 2 scrolls of immolation {unknown}
 B - a scroll of holy word {unknown}
Potions
 b - a potion of curing
 d - 2 potions of might
 j - a potion of flight {unknown}
 k - 2 potions of agility
 n - 2 potions of degeneration {unknown}
 r - a potion of cancellation {unknown}
 v - 3 potions of haste {unknown}
 w - a potion of lignification {unknown}
 C - a potion of ambrosia {unknown}
Comestibles
 f - 14 rations
 D - a chunk of flesh


   Skills:
 + Level 5.9 Fighting
 + Level 3.3 Long Blades
   Level 2.7 Maces & Flails
 * Level 7.2 Armour
 - Level 1.6 Dodging
 - Level 3.2 Shields


You had 3 spell levels left.
You knew the following spells:

 Your Spells              Type           Power        Failure   Level  Hunger
a - Blink                 Tloc           N/A          100%        2    ###....
b - Slow                  Hex            #.......     100%        2    ###....


Dungeon Overview and Level Annotations

Branches:
Dungeon (6/15)             Temple (1/1) D:4

Altars:
Ashenzari
Dithmenos
Fedhas
Gozag
Hepliaklqana
Kikubaaqudgha
Nemelex Xobeh
Okawaru
Qazlal
Sif Muna
Trog
Uskayaw
Xom
Yredelemnul


Innate Abilities, Weirdness & Mutations

You are resistant to torment.
Your stone body is resilient. (AC +5)
You are immune to poison.
You resist negative energy. (rN+)
You are resistant to electric shocks. (rElec)
You can survive without breathing.
You are immune to petrification.
You are immune to rotting.


Message History

The orc priest barely misses you.
The orc priest hits you but does no damage.
Things that are here:
a mace; an orc corpse You hit the orc priest.
The orc priest is heavily wounded.
The orc priest looks satisfied for a moment.
The orc priest invokes the aid of Beogh against you.
Beogh smites you!
* * * LOW HITPOINT WARNING * * *
The orc priest hits you but does no damage.
You feel better.
The orc priest hits you but does no damage.
The orc hits you but does no damage. You block the orc priest's attack.
The orc priest hits you but does no damage.
You closely miss the orc. The orc hits you but does no damage.
The orc priest barely misses you.
The orc priest calls down the wrath of Beogh upon you.
Beogh smites you!
You die...

#.# ##...## ##
#.# ##.....##
.##.###.......##
##
.#.##.........#
..
...+.........+
#.
#.##.........#
#.##o###.......#
#.o@).........#
#.##o###.#<..##
# #.# #.##+##
..# #.# #### #.#
..# ###


You could see 2 orc priests and an orc.

Vanquished Creatures
  Prince Ribbit (D:5)
  A sky beast (D:5)
  An ogre (D:4)
  A scorpion (D:4)
  A howler monkey (D:4)
  A hound (D:4)
  2 orc wizards (D:4)
  A centaur skeleton (D:4)
  2 iguanas
  Ijyb (D:5)
  3 worker ants
  A hound zombie (D:4)
  A worker ant zombie (D:4)
  3 gnolls (D:4)
  7 adders
  5 dart slugs
  A leopard gecko (D:3)
  4 orcs
  2 ball pythons
  A giant cockroach (D:1)
  2 gnoll zombies (D:4)
  4 goblins
  7 hobgoblins
  11 jackals
  A quokka (D:4)
  5 bats
  5 frilled lizards
  A jackal skeleton (D:4)
  6 kobolds
  2 leopard gecko skeletons
  7 rats
91 creatures vanquished.

Vanquished Creatures (others)
  A giant cockroach (D:4)
1 creature vanquished.

Grand Total: 92 creatures vanquished

Notes
Turn   | Place    | Note
-------+----------+-------------------------------------------
     0 | D:1      | MovingMist the Gargoyle Fighter began the quest for the Orb.
     0 | D:1      | Reached XP level 1. HP: 14/14 MP: 1/1
    57 | D:1      | Reached XP level 2. HP: 18/19 MP: 2/2
   101 | D:1      | Reached skill level 1 in Dodging
   204 | D:1      | Reached XP level 3. HP: 23/23 MP: 3/3
   890 | D:2      | Reached XP level 4. HP: 28/29 MP: 4/4
  1710 | D:3      | Reached skill level 4 in Armour
  1722 | D:3      | Reached XP level 5. HP: 28/33 MP: 5/5
  1833 | D:4      | Learned a level 2 spell: Blink
  1836 | D:4      | Learned a level 2 spell: Slow
  1842 | D:4      | Noticed an ogre
  1888 | D:4      | Killed an ogre
  1888 | D:4      | Reached skill level 1 in Long Blades
  1894 | D:4      | Reached skill level 5 in Armour
  1894 | D:4      | Reached XP level 6. HP: 37/39 MP: 6/6
  1997 | D:4      | Reached skill level 5 in Fighting
  2169 | D:4      | Reached XP level 7. HP: 35/44 MP: 7/7
  2260 | D:4      | Found a deep blue altar of Sif Muna.
  2315 | D:4      | Reached skill level 6 in Armour
  2352 | D:4      | Found a staircase to the Ecumenical Temple.
  2361 | Temple   | Entered the Ecumenical Temple
  2384 | Temple   | Became a worshipper of Warmaster Okawaru
  2661 | D:4      | Found a basalt altar of Yredelemnul.
  2743 | D:5      | Entered Level 5 of the Dungeon
  2822 | D:5      | Noticed Ijyb
  2830 | D:5      | Killed Ijyb
  2879 | D:5      | Found an ancient bone altar of Kikubaaqudgha.
  3014 | D:5      | Noticed Prince Ribbit
  3313 | D:5      | Killed Prince Ribbit
  3313 | D:5      | Reached * piety under Okawaru
  3313 | D:5      | Reached skill level 7 in Armour
  3313 | D:5      | Reached XP level 8. HP: 20/51 MP: 8/8
  3376 | D:6      | Killed from afar by an orc priest

Skill      XL: |  1  2  3  4  5  6  7 |
---------------+----------------------+-----
Dodging        | 1 |  1.6
Fighting       | 4 5 |  5.9
Armour         | 4 5 7 |  7.2
Long Blades    | 1 2 3 |  3.3
Maces & Flails | |  2.7
Shields        | |  3.2

Action                   |  1- 3 |  4- 6 |  7- 9 || total
-------------------------+-------+-------+-------++-------
Melee: Flail             |   135 |    29 |       ||   164
       Long sword        |       |   110 |   111 ||   221
Evoke: Wand              |       |     4 |       ||     4
  Use: Scroll            |       |     4 |     1 ||     5
       Potion            |       |       |     1 ||     1
 Stab: Paralysed         |       |     3 |       ||     3
  Eat: Chunk             |       |     5 |     4 ||     9
Armor: Scale mail        |    52 |       |       ||    52
       Plate armour      |    32 |   143 |    92 ||   267
Dodge: Dodged            |    32 |    20 |    18 ||    70
Block: Shield            |    79 |    66 |    53 ||   198
       Rpst.: Long sword |       |     5 |     5 ||    10
